 Dungeon Crawl Stone Soup version 0.22.0-38-g04b72b8 (webtiles) character file.

643 Fingolfin the Changer (level 7, -5/52 HPs)
             Began as a Green Draconian Transmuter on Aug 25, 2018.
             Was a Believer of Cheibriados.
             Slain by Anon1729's ghost (9 damage)
             ... on level 3 of the Dungeon.
             The game lasted 00:14:25 (4246 turns).

Fingolfin the Changer (Green Draconian Transmuter)  Turns: 4246, Time: 00:14:26

Health: -5/52      AC:  8    Str: 17    XL:     7   Next: 26%
Magic:  9/13       EV: 12    Int: 19    God:    Cheibriados [**....]
Gold:   142        SH:  0    Dex: 15    Spells: 3/14 levels left

rFire    . . .     SeeInvis .     - Unarmed
rCold    . . .     Gourm    .   (shield currently unavailable)
rNeg     . . .     Faith    .   (armour unavailable)
rPois    +         Spirit   .   (helmet restricted)
rElec    .         Reflect  .   o - +1 cloak
rCorr    .         Harm     .   (gloves currently unavailable)
MR       .....                  (no boots)
Stlth    +.........             (no amulet)
HPRegen  0.17/turn              (no ring)
MPRegen  0.13/turn              (no ring)

@: short of breath, blade hands, very slow
A: breathe noxious fumes, unfitting armour, poison resistance, cold-blooded, AC
+6
a: Breathe Noxious Fumes, End Transformation, Bend Time, Renounce Religion


You were on level 3 of the Dungeon.
You worshipped Cheibriados.
Cheibriados was pleased with you.
You were not hungry.
You had blades for hands.
You visited 1 branch of the dungeon, and saw 3 of its levels.

You collected 142 gold pieces.

Inventory:

Missiles
 a - 27 arrows (quivered)
Armour
 f - a +1 pair of gloves (melded)
 o - a +1 cloak (worn)
Scrolls
 b - a scroll of fear {unknown}
 e - a scroll of teleportation {unknown}
 g - 2 scrolls of remove curse {unknown}
 h - a scroll of amnesia {unknown}
 i - 2 scrolls of blinking {unknown}
 l - 4 scrolls of identify {unknown}
 q - a scroll of enchant weapon {unknown}
Potions
 c - a potion of flight {unknown}
 j - a potion of ambrosia {unknown}
 k - 2 potions of invisibility {unknown}
 n - a potion of haste {unknown}
 p - 2 potions of lignification {unknown}
Comestibles
 d - 5 rations


   Skills:
 - Level 1.1 Fighting
 - Level 1.7 Dodging
 - Level 3.0 Unarmed Combat
 - Level 4.0 Spellcasting
 + Level 6.8 Transmutations
 - Level 2.4 Poison Magic


You had 3 spell levels left.
You knew the following spells:

 Your Spells              Type           Power        Failure   Level  Hunger
a - Beastly Appendage     Tmut           ####..       14%         1    None
b - Sticks to Snakes      Tmut           ####....     17%         2    ##.....
c - Spider Form           Tmut/Pois      ###.......   36%         3    ###....
d - Blade Hands           Tmut           ####......   67%         5    ######.

Your spell library contained the following spells:

 Spells                   Type           Power        Failure   Level  Hunger
 Ice Form                 Ice/Tmut       ###.....     77%         4    ####...


Dungeon Overview and Level Annotations

Branches:
Dungeon (3/15)

Altars:
Cheibriados
Fedhas
Xom
Yredelemnul
Zin

Annotations:
D:3 1 transporter need dig for gold, Anon1729's ghost, amateur OpFi


Innate Abilities, Weirdness & Mutations

You can breathe blasts of noxious fumes.
Your lurid green scales are hard. (AC +6)
You cannot fit into any form of body armour.
Your system is resistant to poisons. (rPois)
You are cold-blooded and may be slowed by cold attacks.


Message History

The ogre hits you with an enchanted great mace.
Unknown command.
You slice the ogre!!
You kill the ogre!
Cheibriados appreciates the change of pace.
Anon1729's ghost hits you!
You barely miss Anon1729's ghost. Anon1729's ghost barely misses you.
You hit Anon1729's ghost but do no damage.
You tail-slap Anon1729's ghost.
Anon1729's ghost is lightly damaged.
Anon1729's ghost hits you!
* * * LOW HITPOINT WARNING * * *
You slice Anon1729's ghost!!
Anon1729's ghost is severely damaged.
Anon1729's ghost barely misses you.
You barely miss Anon1729's ghost. You tail-slap Anon1729's ghost.
Anon1729's ghost is severely damaged.
Anon1729's ghost ripples.
Anon1729's ghost hits you!
You die...

##### ###.# ....# #...# .####
#..######## .# #..#......#
.#######..#..##..######
.##.......#.#..#.#...)#
###.#####.#.#..#.####.# #.#
##.©#.!##).# #.#
###.###...#$...W@# #.#
.........©#O.##..# #.#######
.##.#..##.#.#..#.# #.......#
.##.##.##.#.#..#.# #.#####.#
>#........#?[##..# #....##.#
.#.#.#.#..#.....©####.##.##.#
.#.#.#.#..########..).......#
.......#.........####.......#
##..#.##.##......####.##.##.#


You could see an ogre (confused) and Anon1729's ghost.

Vanquished Creatures
  Sigmund (D:3)
  An ogre (D:3)
  3 crimson imps (D:3)
  Crazy Yiuf (D:3)
  2 orc wizards
  A worker ant (D:2)
  Robin (D:2)
  4 gnolls
  4 adders
  2 oozes (D:2)
  A worm (D:2)
  3 dart slugs
  7 orcs
  2 ball pythons
  4 giant cockroaches
  8 hobgoblins
  2 jackals (D:3)
  8 kobolds
  3 quokkas
  6 bats
  4 frilled lizards
  17 goblins
  9 rats
94 creatures vanquished.

Vanquished Creatures (collateral kills)
  An adder (D:2)
  A quokka (D:2)
  A kobold (D:2)
3 creatures vanquished.

Grand Total: 97 creatures vanquished

Notes
Turn   | Place    | Note
-------+----------+-------------------------------------------
     0 | D:1      | Fingolfin the Draconian Transmuter began the quest for the Orb.
     0 | D:1      | Reached XP level 1. HP: 16/16 MP: 3/3
   249 | D:1      | Reached XP level 2. HP: 19/23 MP: 1/5
   260 | D:1      | Learned a level 2 spell: Sticks to Snakes
   325 | D:1      | Reached skill level 3 in Transmutations
   355 | D:1      | HP: 1/23 [gnoll/spear (8)]
   798 | D:1      | Reached XP level 3. HP: 23/28 MP: 4/6
  1405 | D:2      | Reached skill level 4 in Transmutations
  1405 | D:2      | Reached XP level 4. HP: 24/35 MP: 7/7
  1482 | D:2      | Learned a level 3 spell: Spider Form
  1656 | D:2      | Found a snail-covered altar of Cheibriados.
  1802 | D:2      | Reached skill level 1 in Poison Magic
  1980 | D:2      | Became a worshipper of Cheibriados the Contemplative
  2013 | D:2      | Noticed Robin
  2037 | D:2      | Killed Robin
  2091 | D:2      | Reached XP level 5. HP: 34/40 MP: 8/8
  2247 | D:2      | Reached * piety under Cheibriados
  2247 | D:2      | Reached skill level 5 in Transmutations
  2539 | D:2      | Found a faded altar of an unknown god.
  2831 | D:2      | Found a blossoming altar of Fedhas.
  2876 | D:3      | Noticed an ogre
  2877 | D:3      | Noticed Anon1729's ghost (amateur OpFi)
  2878 | D:3      | Found a transporter.
  2879 | D:3      | Noticed an ogre
  2880 | D:3      | Found a transporter.
  2913 | D:3      | Found a runed door.
  2917 | D:3      | Noticed Crazy Yiuf
  2923 | D:3      | Killed Crazy Yiuf
  2995 | D:3      | Noticed Sigmund
  3053 | D:3      | Killed Sigmund
  3053 | D:3      | Reached XP level 6. HP: 47/47 MP: 2/11
  3230 | D:3      | Learned a level 5 spell: Blade Hands
  3288 | D:3      | Found a basalt altar of Yredelemnul.
  3315 | D:3      | Reached ** piety under Cheibriados
  3907 | D:3      | Found a shimmering altar of Xom.
  3960 | D:3      | Reached skill level 6 in Transmutations
  3982 | D:3      | Found a glowing silver altar of Zin.
  4057 | D:3      | Your scales start taking on a lurid green colour.
  4057 | D:3      | Reached XP level 7. HP: 51/52 MP: 13/13
  4057 | D:3      | Gained mutation: Your system is resistant to poisons. (rPois) [Green Draconian growth]
  4246 | D:3      | Slain by Anon1729's ghost

Skill      XL: |  1  2  3  4  5  6 |
---------------+-------------------+-----
Transmutations | 3 4 5 6 |  6.8
Poison Magic   | 1 2 |  2.4
Spellcasting   | 3 4 |  4.0
Fighting       | |  1.1
Dodging        | |  1.7
Unarmed Combat | |  3.0

Action                   |  1- 3 |  4- 6 |  7- 9 || total
-------------------------+-------+-------+-------++-------
Melee: Unarmed           |    89 |   197 |     8 ||   294
       Tailslap          |     9 |    19 |     2 ||    30
       Kick              |    13 |     7 |     1 ||    21
       Headbutt          |     3 |     4 |       ||     7
       Punch             |     1 |     1 |       ||     2
 Cast: Beastly Appendage |    17 |    10 |       ||    27
       Sticks to Snakes  |       |     2 |       ||     2
       Spider Form       |       |    10 |       ||    10
       Blade Hands       |       |       |     1 ||     1
 Abil: Breathe Noxious F |       |       |     1 ||     1
 Stab: Sleeping          |     1 |     1 |       ||     2
  Eat: Chunk             |     2 |     7 |       ||     9
       Ration            |       |       |     1 ||     1
Armor: Skin              |    30 |    51 |       ||    81
Dodge: Dodged            |    53 |   137 |     2 ||   192
